 Dungeon Crawl Stone Soup version 0.28-a0-1510-gd0f6b136d3 (webtiles) character file.

Game seed: 17429634252805544016

12280 comborobin the Slicer (level 11, -8/56 HPs)
             Began as a Vine Stalker Delver on Jan 15, 2022.
             Was a High Priest of Okawaru.
             Mangled by a five-headed hydra (12 damage)
             ... on level 10 of the Dungeon.
             The game lasted 00:12:32 (7395 turns).

comborobin the Slicer (Vine Stalker Delver)         Turns: 7395, Time: 00:12:33

Health: -8/56      AC:  5    Str: 15    XL:     11   Next: 90%
Magic:  0/27       EV: 15    Int: 10    God:    Okawaru [*****.]
Gold:   530        SH:  0    Dex: 18    Spells: 9/10 levels left

rFire   . . .      SeeInvis .   a - +4 rapier "Jiclep" {vorpal, rElec rN+++ MP+9 Dex-2}
rCold   . . .      Faith    .   (no shield)
rNeg    + + +      Spirit   +   x - +0 steam dragon scales
rPois   .          Reflect  .   (no helmet)
rElec   +          Harm     .   (no cloak)
rCorr   .          Rampage  .   (no gloves)
Will    +....                   (no boots)
Stlth   +++.......              (no amulet)
HPRegen 0.98/turn               (no ring)
MPRegen 0.20/turn               (no ring)

@: no status effects
A: fangs 3, regeneration 1, magic shield, antimagic bite, no potion heal 2
a: Renounce Religion, Heroism, Finesse, Duel


You were on level 10 of the Dungeon.
You worshipped Okawaru.
Okawaru was extremely pleased with you.
You visited 2 branches of the dungeon, and saw 10 of its levels.

You collected 530 gold pieces.

Inventory:

Hand Weapons
 a - the +4 rapier "Jiclep" (weapon) {vorpal, rElec rN+++ MP+9 Dex-2}
   (You found it on level 6 of the Dungeon)

   It inflicts extra damage upon your enemies.
   Dex:       It affects your dexterity (-2).
   rElec:     It insulates you from electricity.
   rN:        It renders you almost immune to negative energy.
   MP:        It affects your magic capacity (+9).
 b - a +1 short sword of electrocution
 d - a +0 mace
 l - a +3 scimitar of flaming
 q - a +0 short sword
 A - the +7 Throatcutter {drain, coup de grace}
   (You found it on level 9 of the Dungeon)

   A truly terrible weapon, it drains the life of any living foe it strikes.
   It may instantly kill foes which have little health.
Missiles
 i - 25 poisoned darts (quivered)
 C - 2 javelins
Armour
 e - a +0 leather armour
 h - a +1 leather armour of willpower
 n - +0 acid dragon scales
 p - a +2 robe of willpower
 v - a +3 leather armour of fire resistance
 x - +0 steam dragon scales (worn)
 D - the +1 scale mail of Distant Worlds {Harm +Inv rElec}
   (Okawaru gifted it to you on level 10 of the Dungeon)

   rElec:     It insulates you from electricity.
   +Inv:      It lets you turn invisible.
   Harm:      It increases damage dealt and taken.
 F - the +1 robe of Oreah {rC+ rCorr}
   (Okawaru gifted it to you on level 11 of the Dungeon)

   rC:        It protects you from cold.
   rCorr:     It protects you from acid and corrosion.
Jewellery
 o - a ring of ice
 G - an amulet of magic regeneration
Wands
 r - a wand of flame (17)
Scrolls
 c - 2 scrolls of fog
 f - a scroll of magic mapping
 j - a scroll of holy word
 m - 4 scrolls of identify
 w - a scroll of blinking
 y - a scroll of amnesia
 E - 2 scrolls of enchant armour
Potions
 k - 2 potions of curing
 s - 2 potions of flight
 u - a potion of lignification
 z - 3 potions of haste
 B - a potion of might


   Skills:
 + Level 6.0 Fighting
 - Level 11.4(12.0) Short Blades
 - Level 5.5(9.2) Long Blades
 + Level 4.0 Armour
 * Level 5.1 Dodging
 - Level 6.0 Stealth
 + Level 8.2 Invocations


You had 9 spell levels left.
You knew the following spells:

 Your Spells              Type           Power      Damage    Failure   Level
A - Apportation           Tloc           0%         N/A       36%         1

Your spell library contained the following spells:

 Spells                   Type           Power      Damage    Failure   Level
 Foxfire                  Conj/Fire      0%         2x1d4     36%         1
 Conjure Flame            Conj/Fire      0%         6-21      75%         3
 Ignite Poison            Fire/Tmut/Pois 0%         N/A       75%         3
 Inner Flame              Hex/Fire       0%         N/A       75%         3
 Flame Wave               Conj/Fire      0%         2d4       98%         4
 Sticky Flame             Conj/Fire      0%         2d3       98%         4
 Alistair's Intoxication  Tmut/Pois      0%         N/A       100%        5


Dungeon Overview and Level Annotations

Branches:
Dungeon (11/15)            Temple (1/1) D:4            Lair (0/6) D:10
    Orc (0/2) D:11

Altars:
Ashenzari
Cheibriados
Elyvilon
Fedhas
Gozag
Hepliaklqana
Kikubaaqudgha
Makhleb
Nemelex Xobeh
Okawaru
Qazlal
Ru
Trog
Uskayaw
Vehumet
Wu Jian
Xom
Yredelemnul
Zin
The Shining One
Beogh

Shops:
D:5 :   D:11 (

Annotations:
D:6 1 runed translucent door, JamezByez's ghost, novice MiBe
D:10 4 runed translucent doors, tonyyikes's ghost, novice DDNe


Innate Abilities, Weirdness & Mutations

You have razor-sharp teeth.
Your natural rate of healing is unusually fast.
When hurt, damage is shared between your health and your magic reserves.
Your bite disrupts and absorbs the magic of your enemies.
Potions cannot restore your health.


Message History

As you read the scroll of fear, it crumbles to dust.
You assume a fearsome visage.
The orc priest looks frightened! x2
The orc warrior resists with some effort.
The orc wizard looks frightened!
The two-headed ogre looks frightened!
The centaur looks frightened!
The orc wizard gives up.
The orc wizard casts a spell.
The orc wizard flickers and vanishes!
Unknown command.
Okay, then.
Okay, then.
Okay, then.
You feel clumsy.
a - the +4 rapier "Jiclep" (weapon)
{vorpal, rElec rN+++ MP+9 Dex-2} You feel like a meek peon again.
There is a stone staircase leading up here.
The five-headed hydra barely misses you.
The five-headed hydra bites you. The five-headed hydra bites you! x2
The five-headed hydra misses you.
You climb upwards.
Level annotation: 4 runed translucent doors, tonyyikes's ghost, novice DDNe Reactivating autopickup.
There is a stone staircase leading down here.
Unknown command.
Unknown command.
Aiming: Dig
Press: ? - help, Shift-Dir - straight line A rock wall.
The rock shatters into small pieces.
The now-empty wand crumbles to dust.
The five-headed hydra bites you!
The five-headed hydra bites you but does no damage.
The five-headed hydra barely misses you.
The five-headed hydra bites you! The five-headed hydra misses you.
The five-headed hydra bites you!
* * * LOW HITPOINT WARNING * * *
The five-headed hydra completely misses you.
The five-headed hydra bites you!
* * * LOW HITPOINT WARNING * * *
The five-headed hydra bites you!
You die...

#..........#
##....).
##.........#
##.....
##........#
##....
##.......#
##...
##......##
#..<
#..#>..##
##..
#.##.### ##.
#.#.# #.
#D@# ##
##.## # #..#
# #..#
########..#
#.........#
###########


You could see a five-headed hydra.

Vanquished Creatures
  Erica (D:8)
  3 two-headed ogres
  Nergalle (D:11)
  A cyclops (D:11)
  Joseph (D:8)
  A gargoyle (D:10)
  Maggie (D:7)
  4 trolls
  A hornet (D:10)
  Prince Ribbit (D:6)
  A blink frog (shapeshifter) (D:11)
  A meliai zombie (D:10)
  2 shadows (D:11)
  2 wraiths
  4 yaks (D:10)
  3 wyverns
  A steam dragon (D:9)
  Menkaure (D:4)
  Duvessa (D:6)
  A water moccasin (D:7)
  3 orc warriors
  A black bear (D:7)
  A necrophage (D:4)
  3 sky beasts
  2 ogres
  3 centaurs
  A kobold brigand (D:6)
  6 bullfrogs
  2 gnoll sergeants
  A scorpion (D:7)
  A wyvern skeleton (D:7)
  A water moccasin skeleton (D:5)
  Dowan (D:6)
  A jelly (D:7)
  5 howler monkeys
  7 centaur zombies
  A bullfrog zombie (D:6)
  A hound (D:5)
  7 orc priests
  A centaur skeleton (D:6)
  2 iguanas (D:5)
  A bullfrog skeleton (D:6)
  10 orc wizards
  3 hound skeletons
  9 gnolls
  3 adders
  A white imp (D:4)
  An adder skeleton (D:4)
  A worm (D:6)
  2 dart slugs (D:4)
  42 orcs
  A ball python (D:4)
  An endoplasm (D:4)
  A giant cockroach (D:4)
  7 jackals (D:5)
  8 kobolds
  4 quokkas
  A bat (D:3)
  A goblin (D:4)
  A rat (D:6)
181 creatures vanquished.

Vanquished Creatures (others)
  An orc wizard (D:11)
1 creature vanquished.

Grand Total: 182 creatures vanquished

Notes
Turn   | Place    | Note
-------+----------+-------------------------------------------
     0 | D:5      | comborobin the Vine Stalker Delver began the quest for the
                  | Orb.
     0 | D:5      | Reached XP level 1. HP: 11/11 MP: 2/2
    24 | D:6      | Found a broken altar of Ashenzari.
    30 | D:6      | Noticed a gnoll sergeant
    62 | D:5      | Reached skill level 2 in Short Blades
    74 | D:5      | Noticed a howler monkey
    77 | D:5      | Killed a howler monkey
    78 | D:5      | Reached skill level 3 in Short Blades
    78 | D:5      | Reached XP level 2. HP: 16/16 MP: 3/3
    78 | D:5      | Reached XP level 3. HP: 19/19 MP: 4/4
   167 | D:5      | Reached skill level 4 in Short Blades
   167 | D:5      | Gained mutation: Your natural rate of healing is unusually
                  | fast. [Vine Stalker growth]
   167 | D:5      | Reached XP level 4. HP: 16/23 MP: 3/5
   257 | D:5      | Reached XP level 5. HP: 8/27 MP: 2/6
   347 | D:5      | Noticed an ogre
   354 | D:5      | Killed an ogre
   355 | D:5      | Reached skill level 5 in Short Blades
   355 | D:5      | Reached XP level 6. HP: 32/32 MP: 7/7
   555 | D:5      | Found Asoesm's Book Shoppe.
   766 | D:4      | Found a staircase to the Ecumenical Temple.
   775 | Temple   | Entered the Ecumenical Temple
   841 | Temple   | Became a worshipper of Warmaster Okawaru
   926 | D:4      | Noticed a necrophage
   927 | D:4      | Reached skill level 6 in Short Blades
   969 | D:4      | Killed a necrophage
   983 | D:4      | Reached XP level 7. HP: 21/35 MP: 8/8
  1027 | D:4      | Noticed Menkaure
  1038 | D:4      | Killed Menkaure
  1038 | D:4      | Reached * piety under Okawaru
  1039 | D:4      | Reached skill level 7 in Short Blades
  1039 | D:4      | Reached skill level 1 in Invocations
  1544 | D:6      | Noticed Prince Ribbit
  1605 | D:6      | Gained mutation: You have razor-sharp teeth. [Vine Stalker
                  | growth]
  1605 | D:6      | Reached XP level 8. HP: 32/39 MP: 3/11
  1719 | D:6      | Killed Prince Ribbit
  1720 | D:6      | Reached skill level 8 in Short Blades
  1788 | D:6      | Reached ** piety under Okawaru
  1882 | D:6      | Noticed Duvessa
  1890 | D:6      | Noticed Dowan
  1907 | D:6      | Killed Duvessa
  1922 | D:6      | Killed Dowan
  2060 | D:6      | Reached skill level 9 in Short Blades
  2196 | D:6      | Found a glowing silver altar of Zin.
  2220 | D:6      | Noticed a troll
  2403 | D:6      | Reached XP level 9. HP: 15/43 MP: 3/13
  2437 | D:6      | Reached skill level 5 in Invocations
  2638 | D:6      | Identified the +4 rapier "Jiclep" {vorpal, rElec rN+++ MP+9
                  | Dex-2}
  2740 | D:6      | Killed a troll
  2870 | D:6      | Found a runed translucent door.
  2870 | D:6      | Noticed JamezByez's ghost (novice MiBe)
  3054 | D:7      | Reached *** piety under Okawaru
  3177 | D:7      | Found a stormy altar of Qazlal.
  3250 | D:7      | Reached skill level 10 in Short Blades
  3280 | D:7      | Noticed Maggie
  3289 | D:7      | Killed Maggie
  3486 | D:6      | Reached **** piety under Okawaru
  3763 | D:8      | Noticed Erica
  3776 | D:8      | Killed Erica
  3777 | D:8      | Reached skill level 1 in Armour
  3777 | D:8      | Reached XP level 10. HP: 30/50 MP: 13/15
  3862 | D:8      | Found a shimmering altar of Xom.
  4144 | D:8      | Noticed Joseph
  4160 | D:8      | Killed Joseph
  4161 | D:8      | Reached skill level 11 in Short Blades
  4467 | D:8      | Found an ancient bone altar of Kikubaaqudgha.
  4951 | D:9      | Noticed a two-headed ogre
  4966 | D:9      | Killed a two-headed ogre
  4966 | D:9      | Reached ***** piety under Okawaru
  5060 | D:9      | Reached skill level 5 in Fighting
  5200 | D:9      | Learned a level 1 spell: Apportation
  5341 | D:9      | Found a glowing golden altar of the Shining One.
  5365 | D:9      | Found the +7 Throatcutter {drain, coup de grace}
  5531 | D:10     | Entered Level 10 of the Dungeon
  5559 | D:10     | Received a gift from Okawaru
  5572 | D:10     | Identified the +1 scale mail of Distant Worlds {Harm +Inv
                  | rElec} (Okawaru gifted it to you on level 10 of the
                  | Dungeon)
  5572 | D:10     | Received a gift from Okawaru
  5573 | D:10     | Reached XP level 11. HP: 39/55 MP: 13/17
  5829 | D:10     | Found a runed translucent door.
  5830 | D:10     | Found a burning altar of Makhleb.
  5830 | D:10     | Noticed a sixfirhy
  5975 | D:10     | Found a runed translucent gate.
  5975 | D:10     | Found a runed translucent gate.
  5975 | D:10     | Found a runed translucent gate.
  5975 | D:10     | Noticed tonyyikes's ghost (novice DDNe)
  5977 | D:10     | Found a basalt altar of Yredelemnul.
  5992 | D:10     | Reached skill level 5 in Long Blades
  6067 | D:10     | Found a staircase to the Lair.
  6641 | D:11     | Noticed a cyclops
  6654 | D:11     | Killed a cyclops
  6732 | D:11     | Noticed Nergalle
  6739 | D:11     | Killed Nergalle
  6773 | D:11     | Found Quofoem's Antique Weapon Shop.
  6779 | D:11     | Noticed a two-headed ogre
  6803 | D:11     | Killed a two-headed ogre
  6842 | D:11     | Found a staircase to the Orcish Mines.
  7099 | D:11     | Noticed a two-headed ogre
  7112 | D:11     | Killed a two-headed ogre
  7112 | D:11     | Identified the +1 robe of Oreah {rC+ rCorr} (Okawaru gifted
                  | it to you on level 11 of the Dungeon)
  7112 | D:11     | Received a gift from Okawaru
  7113 | D:11     | Reached skill level 5 in Dodging
  7349 | D:11     | Noticed a two-headed ogre
  7351 | D:11     | Noticed a five-headed hydra
  7395 | D:10     | Mangled by a five-headed hydra

Illustrated notes

Levels and vault maps discovered:
D:3:      layout_basic, gammafunk_temple_overflow_statue
D:4:      layout_rooms, temple_hall, kennysheep_generic_room_8, uniq_menkaure
D:5:      layout_basic, serial_shops, nicolae_shop_behind_doors
D:6:      layout_basic, amcnicky_altar_gilded, general_overflow_altar,
          gammafunk_ghost_grave, gup_sewer_entry_bowl, uniq_duvessa,
          uniq_prince_ribbit1
D:7:      layout_cave_pools, mainiacjoe_overflow_alcove_2, minmay_fountain_box,
          kennysheep_generic_room_9, uniq_maggie
D:8:      layout_cave_pools, xom_teletrap_fun, mainiacjoe_overflow_alcove_4,
          uniq_joseph, uniq_erica
D:9:      layout_stronghold, kennysheep_mini_moat, kennysheep_crisscross
D:10:     layout_cave_pods, nzn_makhleb_speed_demon,
          nicolae_yredelemnul_ghost_church, lair_entry_dummy
D:11:     layout_loops_ring, minmay_orc_entry_temple_large, serial_shops,
          nicolae_shop_trees, uniq_nergalle
Temple:   nicolae_temple_x_marks_the_god

Skill      XL: |  1  2  3  4  5  6  7  8  9 10 11 |
---------------+----------------------------------+-----
Short Blades   | 3 4 5 6 7 9 10 11 | 11.4
Invocations    | 2 4 6 7 8 |  8.2
Fighting       | 4 5 6 |  6.0
Dodging        | 3 4 5 |  5.1
Armour         | 1 2 4 |  4.0
Long Blades    | 2 5 |  5.5
Stealth        | |  6.0

Action                   |  1- 3 |  4- 6 |  7- 9 | 10-12 || total
-------------------------+-------+-------+-------+-------++-------
Melee: Short sword       |    25 |    85 |   207 |       ||   317
       Bite              |     9 |    27 |    82 |    97 ||   215
       Punch             |     1 |     2 |     6 |     6 ||    15
       Rapier            |       |       |    98 |   162 ||   260
       Long sword        |       |       |       |    55 ||    55
Throw: Dart              |       |     7 |     7 |       ||    14
Invok: Heroism           |       |       |     8 |     8 ||    16
Evoke: Wand              |       |     1 |     5 |    13 ||    19
  Use: Scroll            |       |     1 |     7 |     6 ||    14
       Potion            |       |       |     6 |     1 ||     7
 Stab: Sleeping          |     2 |     4 |     6 |     5 ||    17
       Paralysed         |       |     1 |     1 |     4 ||     6
       Distracted        |       |       |     2 |       ||     2
Armor: Leather armour    |     6 |    15 |    35 |       ||    56
       Acid dragon scale |       |       |     3 |    13 ||    16
       Steam dragon scal |       |       |       |    44 ||    44
Dodge: Dodged            |    14 |    59 |   151 |   144 ||   368

Table legend: (Time is in decaauts)
 A = Elapsed time spent in this place.
 B = Non-inter-level travel time spent in this place.
 C = Inter-level travel time spent in this place.
 D = Time resting spent in this place.
 E = Time spent auto-exploring this place.
 F = Levels seen in this place.
 G = Mean time per level.
                   A        B        C        D        E       F      G
               +--------+--------+--------+--------+--------+-----+--------+
         Total |   7173 |   6772 |    401 |     84 |   5026 |  10 |  717.3 |
       Dungeon |   7096 |   6719 |    377 |     84 |   4980 |   9 |  788.4 |
        Temple |     76 |     52 |     24 |      0 |     46 |   1 |   76.0 |
               +--------+--------+--------+--------+--------+-----+--------+

Top non-repeatable levels by time:
     D:6: 1450 daAuts
    D:10: 1003 daAuts
     D:9: 972 daAuts
    D:11: 823 daAuts
     D:8: 779 daAuts
     D:7: 734 daAuts
     D:5: 704 daAuts
     D:4: 604 daAuts
  Temple: 76 daAuts
     D:3: 24 daAuts
